 Dungeon Crawl Stone Soup version 0.20.1-1-g8b1a95d (webtiles) character file.

52 dohliylev the Sneak (level 3, -1/24 HPs)
             Began as a Vampire Enchanter on Dec 19, 2017.
             Slain by an orc wizard
             ... wielding a +0 dagger
              (2 damage)
             ... on level 3 of the Dungeon.
             The game lasted 00:06:43 (1980 turns).

dohliylev the Sneak (Vampire Enchanter)             Turns: 1980, Time: 00:06:44

Health: -1/24      AC:  4    Str:  7    XL:     3   Next: 60%
Magic:  3/6        EV: 12    Int: 18    God:
Gold:   44         SH:  0    Dex: 14    Spells: 3/6 levels left

rFire    . . .     SeeInvis +   a - +0 dagger (speed)
rCold    . . .     Gourm    .   (no shield)
rNeg     + . .     Faith    .   b - +0 robe
rPois    .         Spirit   .   g - +0 helmet
rElec    .         Reflect  .   (no cloak)
rCorr    .         Harm     .   (no gloves)
MR       .....                  u - +0 pair of boots (curse)
Stlth    +++.......             (no amulet)
Regen    0.1/turn               (no ring)
MPRegen  0.1/turn               (no ring)

@: no status effects
A: fangs 3, see invisible, unbreathing
a: Bat Form


You were on level 3 of the Dungeon.
You were not thirsty.

You visited 1 branch of the dungeon, and saw 3 of its levels.

You collected 44 gold pieces.

Inventory:

Hand Weapons
 a - a +0 dagger of speed (weapon)
Armour
 b - a +0 robe (worn)
 g - a +0 helmet (worn)
 u - a cursed +0 pair of boots (worn)
Scrolls
 e - a scroll of teleportation {unknown}
 f - 5 scrolls of identify {unknown}
 h - a scroll of magic mapping {unknown}
 k - 3 scrolls of random uselessness {unknown}
 l - a scroll of enchant armour {unknown}
 n - a scroll of enchant weapon {unknown}
 o - a scroll of fear {unknown}
 q - 2 scrolls of immolation {unknown}
 t - a scroll of recharging {unknown}
Potions
 d - 13 potions of blood
 i - a potion of agility {unknown}
 j - a potion of magic {unknown}
 m - a potion of brilliance {unknown}
 p - a potion of lignification {unknown}
 r - a potion of flight {unknown}
 s - 3 potions of curing {unknown}
Books
 c - a book of Maledictions

   Spells                             Type                      Level
   a - Corona                         Hexes                        1
   b - Ensorcelled Hibernation        Hexes/Ice                    2
   c - Confuse                        Hexes                        3
   d - Tukima's Dance                 Hexes                        3
   e - Dazzling Spray                 Conjuration/Hexes            3


   Skills:
 - Level 1.1 Short Blades
 - Level 2.1 Dodging
 + Level 6.6 Stealth
 - Level 2.0 Spellcasting
 - Level 4.4 Hexes
 + Level 1.2 Ice Magic


You had 3 spell levels left.
You knew the following spells:

 Your Spells              Type           Power        Failure   Level  Hunger
a - Corona                Hex            ###....      3%          1    #......
b - Ensorcelled Hibernat  Hex/Ice        ##....       9%          2    ###....


Dungeon Overview and Level Annotations

Branches:
Dungeon (3/15)

Altars:


Innate Abilities, Weirdness & Mutations

You have razor-sharp teeth.
You have supernaturally acute eyesight. (SInv)
You can survive without breathing.


Message History

The orc is moderately wounded.
The orc hits you.
You hit the orc but do no damage. The orc barely misses you.
You closely miss the orc. You closely miss the orc. The orc misses you.
The orc hits you. The orc hits you. The orc closely misses you.
A bat comes into view.
Found a bubbling silvery potion.
Found a stone staircase leading up.
You fail to use your ability.
The orc wizard hits you with a dagger. The orc hits you.
Unknown command.
The orc wizard points at you and mumbles some strange words.
The puff of flame hits you!
* * * LOW HITPOINT WARNING * * *
A bat comes into view.
Found 16 sling bullets and a royal jelly.
The orc wizard hits you with a dagger.
You die...

#...... #%.......
#........ .
#........ ..
#........
..#######........
........#........
#.............
#..oo#@..!.b(.
##...o........
#............
#............
#............
#...b..#####.
##......# #. #.
##...>...#
#..#.###........#


You could see an orc wizard (invisible) and 2 bats.

Vanquished Creatures
  An adder (D:2)
  A leopard gecko (D:2)
  An orc (D:3)
  3 bats
  4 giant cockroaches
  6 goblins
  5 hobgoblins
  9 kobolds
  A ball python (D:1)
  3 frilled lizards
  4 rats
38 creatures vanquished.

Notes
Turn   | Place    | Note
-------+----------+-------------------------------------------
     0 | D:1      | dohliylev the Vampire Enchanter began the quest for the Orb.
     0 | D:1      | Reached XP level 1. HP: 13/13 MP: 3/3
    78 | D:1      | Reached skill level 5 in Stealth
   257 | D:1      | Reached XP level 2. HP: 19/19 MP: 5/5
   263 | D:1      | Learned a level 2 spell: Ensorcelled Hibernation
   817 | D:2      | Reached skill level 6 in Stealth
  1165 | D:2      | Reached XP level 3. HP: 24/24 MP: 2/6
  1512 | D:2      | Reached skill level 1 in Ice Magic
  1518 | D:2      | Found a faded altar of an unknown god.
  1978 | D:3      | HP: 1/24 [orc wizard/puff of flame (9)]
  1980 | D:3      | Slain by an orc wizard

Skill      XL: |  1  2  3 |
---------------+----------+-----
Stealth        | 5 6 |  6.6
Ice Magic      | 1 |  1.2
Short Blades   | |  1.1
Dodging        | |  2.1
Spellcasting   | |  2.0
Hexes          | |  4.4

Action                   || total
-------------------------++-------
Melee: Dagger            ||    99
       Bite              ||     6
 Cast: Corona            ||     5
       Ensorcelled Hiber ||    38
 Stab: Sleeping          ||    27
  Eat: Corpse            ||    10
Armor: Robe              ||    19
Dodge: Dodged            ||    55
